AoeStats
← Rodrigo Lao Tse

Arabia

508632588Analyzed
1v1 RM · 8d ago on Sep 23, 2026· 49m 42s· 2 players
Game mode
Random Map
Map size
Tiny (2 player)
Population
200
Speed
Normal
Resources
Standard
Victory
Conquest
Starting age
Dark Age
Ending age
Imperial Age
RankedLock teamsTeams togetherTeam positionsShared explorationLock speedFull tech treeHidden civsTurbo modeCheats
Victory
Defeat
🇹🇼 Franks · Taiwan
937
+15
🇨🇱 Maya · Chile
922
-15
Rodrigo Lao Tse
0:27 Loom
9:16 Feudal Age
10:17 Town Watch
16:05 Horse Collar
19:15 Double-Bit Axe
22:31 Gold Mining
26:36 Castle Age
27:30 Wheelbarrow
27:27 Padded Archer Armor
27:45 Fletching
28:08 Crossbowman
29:44 Thumb Ring
29:20 Elite Skirmisher
30:59 Bodkin Arrow
30:59 Pikeman
32:54 Leather Archer Armor
40:14 Squires
42:53 Hand Cart
47:26 Scale Mail Armor
50:03 Imperial Age
49:06 Forging
wwwhaha7760662
0:27 Loom
10:31 Feudal Age
15:28 Double-Bit Axe
23:16 Castle Age
21:32 Gold Mining
22:33 Stone Mining
24:45 Bow Saw
25:23 Husbandry
26:19 Gold Shaft Mining
25:49 Ordonnance Companies
27:04 Fervor
27:03 Fletching
28:20 Wheelbarrow
28:31 Bodkin Arrow
29:11 Scale Barding Armor
30:24 Hand Cart
32:57 Town Watch
33:36 Chain Barding Armor
37:42 Imperial Age
37:43 Forging
37:45 Cavalier
39:11 Iron Casting
39:34 Paladin
41:31 Blast Furnace
42:08 Plate Barding Armor
Connection lost

Rejoining the realm…

Still unreachable

The connection could not be restored.

Session expired

The server has moved on; the page needs a fresh start.